 Dungeon Crawl Stone Soup version 0.22.1-1-ga44c0e56f4 (webtiles) character file.

92 JedernureinKreuz the Conjurer (level 4, 0/33 HPs)
             Began as a Demigod Conjurer on Sept 25, 2018.
             Slain by Sigmund
             ... wielding a +0 scythe
              (5 damage)
             ... on level 2 of the Dungeon.
             The game lasted 00:06:23 (1460 turns).

JedernureinKreuz the Conjurer (Demigod Conjurer)    Turns: 1460, Time: 00:06:23

Health: 0/33       AC:  3    Str: 11    XL:     4   Next: 13%
Magic:  7/10       EV: 12    Int: 21    God:
Gold:   101        SH:  0    Dex: 16    Spells: 6/7 levels left

rFire    . . .     SeeInvis .   g - +0 short sword
rCold    . . .     Gourm    .   (no shield)
rNeg     . . .     Faith    .   o - +0 leather armour
rPois    .         Spirit   .   (no helmet)
rElec    .         Reflect  .   (no cloak)
rCorr    .         Harm     .   (no gloves)
MR       .....                  (no boots)
Stlth    ++........             (no amulet)
HPRegen  0.11/turn              (no ring)
MPRegen  0.12/turn              (no ring)

@: no status effects
A: high mp 1
a: no special abilities


You were on level 2 of the Dungeon.
You were not hungry.

You visited 1 branch of the dungeon, and saw 2 of its levels.

You collected 101 gold pieces.

Inventory:

Hand Weapons
 d - a cursed -1 spear
 g - a +0 short sword (weapon)
 h - a +0 dagger
 j - a +0 mace of protection
Missiles
 t - 19 sling bullets
Armour
 a - a +0 robe
 o - a +0 leather armour (worn)
Scrolls
 i - a scroll of identify {unknown}
 m - a scroll of enchant armour {unknown}
 n - a scroll of fear {unknown}
 q - a scroll of remove curse {unknown}
 s - a scroll of teleportation {unknown}
 u - a scroll of blinking {unknown}
Potions
 b - a potion of lignification {unknown}
 e - a potion of heal wounds {unknown}
 f - a potion of curing {unknown}
 k - a potion of mutation {unknown}
 l - a potion of haste {unknown}
 r - a potion of invisibility {unknown}
Comestibles
 c - 4 rations
 p - a chunk of flesh


   Skills:
 + Level 1.0 Short Blades
 + Level 2.4 Dodging
 + Level 2.6 Stealth
 + Level 2.3 Spellcasting
 + Level 4.0 Conjurations


You had 6 spell levels left.
You knew the following spells:

 Your Spells              Type           Power        Failure   Level  Hunger
a - Magic Dart            Conj           ###.         3%          1    #......

Your spell library contained the following spells:

 Spells                   Type           Power        Failure   Level  Hunger
 Searing Ray              Conj           ###...       5%          2    ##.....
 Dazzling Spray           Conj/Hex       ##....       24%         3    ###....
 Iskenderun's Mystic Bla  Conj           ###.....     34%         4    #####..
 Force Lance              Conj/Tloc      ##......     63%         4    #####..
 Fulminant Prism          Conj/Hex       ##........   63%         4    #####..


Dungeon Overview and Level Annotations

Branches:
Dungeon (2/15)

Annotations:
D:2 Sigmund


Innate Abilities, Weirdness & Mutations

You have an increased reservoir of magic. (+10% MP)


Message History

Sigmund is almost dead.
Sigmund casts a spell at you. The magic dart hits you!
* * * LOW HITPOINT WARNING * * *
Casting: Magic Dart (safe; 3% risk of failure)
Confirm with . or Enter, or press ? or * to list all spells.
Aiming: Magic Dart (safe; 3% risk of failure)
Press: ? - help, Shift-Dir - straight line, f/p - Sigmund
Aim: Sigmund, wielding a scythe and wearing a robe (almost dead)
The magic dart hits Sigmund.
Sigmund is almost dead.
Casting: Magic Dart (safe; 3% risk of failure)
Confirm with . or Enter, or press ? or * to list all spells.
Aiming: Magic Dart (safe; 3% risk of failure)
Press: ? - help, Shift-Dir - straight line, f/p - Sigmund
Aim: Sigmund, wielding a scythe and wearing a robe (almost dead)
The magic dart hits Sigmund.
Sigmund is almost dead.
Sigmund hits you from afar with a scythe.
You die...

########## #......^.# #.######.#
######'######.# #..........##.#
###################..........##.#
..............@.@.'......>...##.#
############.######..........##.#
###'###########..#####.#
#...........# #..# #.#
#...........# #..# #.#
#...........# #..#####.#
#...........# #........#
#....)......# #.########
#...........# #.#


You could see Sigmund.

Vanquished Creatures
  A hound (D:2)
  An adder (D:2)
  3 dart slugs
  A leopard gecko (D:1)
  3 bats
  A giant cockroach (D:2)
  11 hobgoblins
  3 jackals (D:2)
  5 kobolds
  A frilled lizard (D:2)
  8 goblins
  2 rats
40 creatures vanquished.

Notes
Turn   | Place    | Note
-------+----------+-------------------------------------------
     0 | D:1      | JedernureinKreuz the Demigod Conjurer began the quest for
                  | the Orb.
     0 | D:1      | Reached XP level 1. HP: 14/14 MP: 5/5
   155 | D:1      | Found an iron altar of Okawaru.
   186 | D:1      | Reached XP level 2. HP: 14/20 MP: 4/7
   864 | D:2      | Found a basalt altar of Yredelemnul.
   917 | D:2      | Reached XP level 3. HP: 26/26 MP: 3/8
  1039 | D:2      | Reached skill level 4 in Conjurations
  1185 | D:2      | Reached XP level 4. HP: 28/33 MP: 5/10
  1222 | D:2      | Reached skill level 1 in Short Blades
  1323 | D:2      | Noticed Sigmund
  1460 | D:2      | Slain by Sigmund

Skill      XL: |  1  2  3  4 |
---------------+-------------+-----
Stealth        | 2 |  2.6
Dodging        | 2 |  2.4
Spellcasting   | 2 |  2.3
Conjurations   | 4 |  4.0
Short Blades   | 1 |  1.0

Action                   |  1- 3 |  4- 6 || total
-------------------------+-------+-------++-------
Melee: Mace              |    11 |       ||    11
       Short sword       |    32 |       ||    32
 Cast: Magic Dart        |    55 |    22 ||    77
 Stab: Sleeping          |     3 |       ||     3
  Eat: Chunk             |     1 |     1 ||     2
Armor: Robe              |     4 |       ||     4
       Leather armour    |     4 |     3 ||     7
Dodge: Dodged            |    28 |     8 ||    36
